[Event "*** Titled Tuesday Blitz"]
[Site "Chess.com"]
[Date "2020.12.29"]
[Round "2"]
[White "Jospem"]
[Black "GameOverBro"]
[Result "1-0"]
[WhiteElo "2982"]
[BlackElo "2481"]
[TimeControl "180+1"]
[EndTime "10:17:57 PST"]
[Termination "Jospem won by resignation"]

1. e4 d6 2. d4 Nf6 3. Bd3 e5 4. c3 d5 5. dxe5 Nxe4 6. Nf3 Nd7 7. O-O Ndc5 8. Be2 Be7 9. Be3 O-O 10. Nbd2 Bg4 11. h3 Bh5 12. Nd4 Bxe2 13. Qxe2 Nxd2 14. Bxd2 Ne4 15. Rad1 Bc5 16. Be3 Bxd4 17. cxd4 f6 18.
Qb5 Rb8 19. f3 Ng3 20. Rfe1 c6 21. Qa4 Qb6 22. Bf2 Nh5 23. Qc2 Rbe8 24. Qd2 g6 25. g4 Ng7 26. exf6 Rxe1+ 27. Rxe1 Rxf6 28. Qc3 Ne6 29.
Re5 Nf4 30. Kh2 Qc7 31. Qe3 g5 32. Rxg5+ Kf7 33. Bg3 Qe7 34. Bxf4 1-0

[Event "*** Titled Tuesday Blitz"]
[Site "Chess.com"]
[Date "2020.12.29"]
[Round "2"]
[White "DinaBelenkaya"]
[Black "WonderChampion"]
[Result "1-0"]
[WhiteElo "2377"]
[BlackElo "2054"]
[TimeControl "180+1"]
[EndTime "10:17:57 PST"]
[Termination "DinaBelenkaya won by checkmate"]

1. e4 c5 2. Nc3 g6 3. g3 Bg7 4.
Bg2 Nc6 5. Nge2 e6 6. O-O Nge7 7. d3 O-O 8. Be3 d6 9. Qd2 Bh8 10. h4 h5 11. d4 cxd4 12. Nxd4 Ne5 13. Bh6 Re8 14.
Rad1 Nc4 15. Qc1 Qb6 16. Nb3 a5 17. a4 Bd7 18. Kh2 Be5 19. Bf4 Bg7 20. Bf3 Rec8 21. g4 hxg4 22. Bxg4 Ne5 23. Be2 Bf6 24. Be3 Qc7 25.
h5 d5 26. Bf4 g5 27. Bg3 Qc5 28. Nxc5 Rxc5 29. exd5 exd5 30. f4 gxf4 31. Qxf4 Bg7 32. Qg5 Re8 33. Bxe5 Nf5 34. Bxg7 Nxg7 35. Rg1 Rxe2+ 36.
Nxe2 d4 37. Qxg7# 1-0

[Event "*** Titled Tuesday Blitz"]
[Site "Chess.com"]
[Date "2020.12.29"]
[Round "2"]
[White "Alexander_Zubov"]
[Black "tsaruk_maks"]
[Result "1-0"]
[WhiteElo "2938"]
[BlackElo "2591"]
[TimeControl "180+1"]
[EndTime "10:17:58 PST"]
[Termination "Alexander_Zubov won on time"]

1. d4 Nf6 2. Nf3 e6 3. c4 d5 4.
Nc3 c5 5. cxd5 Nxd5 6. e3 Nc6 7. Bc4 Nxc3 8. bxc3 Be7 9. Bd3 O-O 10. Qc2 h6 11.
O-O b6 12. Rd1 Bb7 13. dxc5 Qc7 14. cxb6 axb6 15. Nd4 Ne5 16. Bf1 Ng4 17. f4 e5 18.
Nb5 Qc5 19. Qe2 f5 20. a4 exf4 21. Ba3 Qe5 22. exf4 Bc5+ 23. Bxc5 Qxc5+ 24. Rd4 Kh7 25. h3 Rae8 26. Qc4 Qe7 27. hxg4 Qe3+ 28. Kh2 Re4 29.
Qd3 Qxf4+ 30. Qg3 Qxg3+ 31. Kxg3 f4+ 32. Kf2 Re5 33. Bd3+ Kh8 34. Nd6 1-0

[Event "*** Titled Tuesday Blitz"]
[Site "Chess.com"]
[Date "2020.12.29"]
[Round "2"]
[White "Vyacheslav_N"]
[Black "Harsha_Bharathakoti"]
[Result "1-0"]
[WhiteElo "2436"]
[BlackElo "2817"]
[TimeControl "180+1"]
[EndTime "10:17:58 PST"]
[Termination "Vyacheslav_N won on time"]

1. e4 d6 2. d4 Nf6 3. Nc3 g6 4. g3 Bg7 5. Bg2 O-O 6. Nge2 Na6 7. O-O c5 8. h3 cxd4 9. Nxd4 Nc5 10. Re1 Bd7 11. f4 Rc8 12. Kh2 a6 13. Nb3 b5 14.
Nxc5 Rxc5 15. Be3 Rc8 16. a3 Qc7 17. Rc1 a5 18. Bd4 b4 19. axb4 axb4 20. Nd5 Nxd5 21. exd5 Bxd4 22. Qxd4 Qc4 23. Qxc4 Rxc4 24. Rxe7 Bf5 25. c3 Rfc8 26. g4 Kf8 27. Rb7 Bd3 28.
Rd1 bxc3 29. bxc3 Rxc3 30. Rd2 R8c4 31. Rb6 1-0

[Event "*** Titled Tuesday Blitz"]
[Site "Chess.com"]
[Date "2020.12.29"]
[Round "2"]
[White "chess94cu"]
[Black "ChessWarrior7197"]
[Result "0-1"]
[WhiteElo "2587"]
[BlackElo "2927"]
[TimeControl "180+1"]
[EndTime "10:18:00 PST"]
[Termination "ChessWarrior7197 won by resignation"]

1. e4 c6 2. d4 d5 3. Nd2 dxe4 4.
Nxe4 Bf5 5. Ng3 Bg6 6. h4 h6 7. Nf3 Nd7 8. h5 Bh7 9. Bd3 Bxd3 10. Qxd3 e6 11. Bd2 Ngf6 12. O-O-O Be7 13. Ne4 Nxe4 14. Qxe4 Nf6 15. Qe2 Qd5 16. Kb1 Qe4 17. Qxe4 Nxe4 18. Be3 f5 19. Nd2 Nf6 20. f3 b5 21. Nb3 Nd5 22. Bf2 Kf7 23. Nc1 Bf6 24. Nd3 Rhd8 25. Rhe1 Rd7 26. g4 Re8 27. c3 a5 28. Re2 a4 29. a3 Rde7 30. Rde1 Nb6 31. Bg3 Nc4 32. Kc2 Rd8 33. Nc5 Rde8 34. Nd3 Bg5 35. Nb4 Rc8 36. Nd3 fxg4 37. fxg4 Bf6 38. Nf4 Rce8 39. Nd3 Nb6 40. Nc5 Nc4 41. Nd3 g6 42. hxg6+ Kxg6 43. Nf4+ Kf7 44. Nh5 Bg5 45. Nf4 e5 46. dxe5 Rxe5 47.
Rxe5 Rxe5 48. Rf1 Ne3+ 49. Kd3 Nxf1 0-1

[Event "*** Titled Tuesday Blitz"]
[Site "Chess.com"]
[Date "2020.12.29"]
[Round "2"]
[White "dozer80"]
[Black "orestn"]
[Result "1-0"]
[WhiteElo "2623"]
[BlackElo "2332"]
[TimeControl "180+1"]
[EndTime "10:18:00 PST"]
[Termination "dozer80 won by resignation"]

1. e4 e5 2. Nc3 Nc6 3. g3 Bc5 4. Bg2 d6 5. d3 h5 6. h3 Nge7 7. Nge2 Ng6 8. Be3 Bxe3 9. fxe3 Qg5 10. Qd2 Be6 11. Nd5 Bxd5 12. exd5 Nce7 13. h4 Qh6 14. O-O-O Nf5 15. e4 Qxd2+ 16. Kxd2 Nh6 17. Bh3 Ne7 18. Rdf1 O-O 19. d4 exd4 20. Nxd4 a6 21. c4 Ng6 22.
Rc1 b6 23. Rhe1 Ne5 24. a3 g6 25. Rc3 Kg7 26. Kc2 Rfe8 27. Kb1 Re7 28. b4 a5 29. Kb2 axb4 30. axb4 Nhg4 31. Bxg4 Nxg4 32. Nc6 Rd7 33.
Ra3 Rxa3 34. Kxa3 f5 35. exf5 gxf5 36. Ka4 Rf7 37. Nd8 Rd7 38. Ne6+ Kf6 39. Nf4 Ne5 40.
Kb5 Rh7 41. Ra1 Rh8 42. Ra7 Rh7 43. Ra8 Ke7 44. c5 bxc5 45. bxc5 dxc5 46. Kxc5 Kd7 47. Rf8 Ng4 48. Rxf5 Rg7 49. Nxh5 Rg6 50. Rf7+ Kd8 51. Nf4 Ra6 52. Ne6+ Kc8 53. Rxc7+ 1-0

[Event "*** Titled Tuesday Blitz"]
[Site "Chess.com"]
[Date "2020.12.29"]
[Round "2"]
[White "Rytenko_V"]
[Black "Arseniy_Nesterov"]
[Result "0-1"]
[WhiteElo "2444"]
[BlackElo "2764"]
[TimeControl "180+1"]
[EndTime "10:18:01 PST"]
[Termination "Arseniy_Nesterov won by resignation"]

1. d4 Nf6 2. Nf3 e6 3. Bg5 d5 4. e3 Be7 5. Bd3 O-O 6. O-O c5 7. c3 b6 8. Nbd2 Ba6 9. Bxa6 Nxa6 10. Rc1 Nb8 11. Qe2 Nc6 12. Rfd1 h6 13. Bh4 Qc7 14. h3 e5 15. Nxe5 Nxe5 16. Bg3 Bd6 17. dxe5 Bxe5 18. Bxe5 Qxe5 19. Nf3 Qe6 20. a3 Rad8 21. Rc2 Ne4 22. Nd2 Nd6 23. Qh5 f5 24. Nf1 Ne4 25. Qf3 Qe5 26. Nd2 f4 27. Nxe4 dxe4 28. Qg4 h5 29. Qe2 f3 30. Qf1 fxg2 31. Qe1 Qf5 32. Rxd8 Qxh3 33.
Rxf8+ Kxf8 34. f4 Qh1+ 35. Kf2 Qxe1+ 36. Kxe1 g1=Q+ 37. Kd2 Qf2+ 38. Kd1 Qxe3 39. Re2 Qd3+ 40. Ke1 h4 0-1

[Event "*** Titled Tuesday Blitz"]
[Site "Chess.com"]
[Date "2020.12.29"]
[Round "2"]
[White "ChessArchitect64"]
[Black "ChrisTool2"]
[Result "0-1"]
[WhiteElo "2087"]
[BlackElo "2386"]
[TimeControl "180+1"]
[EndTime "10:18:02 PST"]
[Termination "ChrisTool2 won on time"]

1. e4 e6 2. d4 d5 3. e5 Nf6 4.
exf6 Qxf6 5. Nf3 c5 6. c3 Nc6 7. Be3 cxd4 8. Nxd4 e5 9. Nxc6 bxc6 10. Bd3 e4 11.
Bc2 Bd6 12. Bd4 Qg5 13. Qe2 Qxg2 14. Qf1 Qf3 15. Nd2 Qh5 16. Bd1 Qh6 17. Be2 Rb8 18. O-O-O c5 19. Be3 Qe6 20. Nb3 O-O 21. Qe1 a5 22. Qd2 d4 23. cxd4 cxd4 24. Qxd4 Be5 25.
Qd5 Qf6 26. Kb1 a4 27. Bd4 Bxd4 28. Nxd4 Be6 29. Qb5 Rxb5 30. Nxb5 Rb8 31. Rdg1 Qxf2 32. Re1 g6 33. Rhf1 Qxh2 34. Rh1 Qe5 35. Rhf1 Bd7 36. Nc3 Qxc3 0-1

[Event "*** Titled Tuesday Blitz"]
[Site "Chess.com"]
[Date "2020.12.29"]
[Round "2"]
[White "hermionegrangermagic"]
[Black "AryanTari"]
[Result "0-1"]
[WhiteElo "2564"]
[BlackElo "2889"]
[TimeControl "180+1"]
[EndTime "10:18:03 PST"]
[Termination "AryanTari won by resignation"]

1. e4 c5 2. Nf3 Nc6 3. d4 cxd4 4.
Nxd4 Nf6 5. Nc3 e5 6. Ndb5 d6 7. Bg5 a6 8. Na3 b5 9. Bxf6 gxf6 10. Nd5 Bg7 11. c3 f5 12. Bd3 Be6 13. Nxb5 axb5 14. Bxb5 Bd7 15. exf5 O-O 16. Qg4 Kh8 17. O-O e4 18.
Qxe4 Re8 19. Qf4 Re5 20. f6 Rxd5 21. fxg7+ Kxg7 22. Bc4 Qg5 23. Qxg5+ Rxg5 24. Rfd1 Bg4 25. Rxd6 Ne5 26. Bf1 Rg6 27. Rxg6+ hxg6 28. a4 Be6 29. b4 Rc8 30. Ra3 Rd8 31. f3 Rd1 32. Kf2 Bc4 33. Bxc4 Nxc4 34. Ra2 Rc1 35. a5 Rxc3 36.
b5 Rb3 37. b6 Rb5 38. Ke2 Nxa5 39. Kd3 Nc6 40. Ra6 Nb8 41. Ra7 Rxb6 42. Ke4 Re6+ 43.
Kf4 Nc6 44. Kg3 Nxa7 0-1

[Event "*** Titled Tuesday Blitz"]
[Site "Chess.com"]
[Date "2020.12.29"]
[Round "2"]
[White "catzapto"]
[Black "ZverevLev"]
[Result "0-1"]
[WhiteElo "2109"]
[BlackElo "2395"]
[TimeControl "180+1"]
[EndTime "10:18:03 PST"]
[Termination "ZverevLev won by resignation"]

1. e4 c5 2. Nf3 d6 3. c3 Nf6 4.
Be2 Nc6 5. d4 cxd4 6. cxd4 e6 7.
Nc3 d5 8. e5 Ne4 9. O-O Nxc3 10. bxc3 Be7 11. Bd3 O-O 12. Rb1 h6 13. Bc2 f5 14.
exf6 Rxf6 15. Qd3 Qc7 16. Qh7+ Kf7 17. Bd2 Bf8 18. Rfe1 Bd7 19. Ne5+ Ke7 20. g3 Nxe5 21. dxe5 Rf7 22. Bg6 Bc6 23. Bxf7 Kxf7 24. Bxh6 d4 25.
Rb4 Rd8 26. Rxd4 Rxd4 27. cxd4 Qa5 28. Re3 Qxa2 29. f3 Qa1+ 30. Kf2 Qxd4 31. Qd3 Qxd3 32. Rxd3 gxh6 33. f4 Bc5+ 34. Ke1 a5 35. g4 a4 36. f5 a3 37. Rd1 a2 0-1

[Event "*** Titled Tuesday Blitz"]
[Site "Chess.com"]
[Date "2020.12.29"]
[Round "2"]
[White "dankalpacas"]
[Black "Bulldog167"]
[Result "0-1"]
[WhiteElo "2409"]
[BlackElo "2687"]
[TimeControl "180+1"]
[EndTime "10:18:04 PST"]
[Termination "Bulldog167 won by resignation"]

1. c4 Nf6 2. Nc3 g6 3. e4 d6 4.
d4 Bg7 5. Nf3 O-O 6. Bd3 Bg4 7.
h3 Bxf3 8. Qxf3 Nfd7 9. Be3 Nc6 10. Ne2 e5 11. d5 Nb4 12. Bb1 a5 13. O-O Qh4 14. Ng3 Bh6 15. a3 Na6 16. Bc2 Nb6 17. Bxb6 cxb6 18. Qb3 Qd8 19. Qb5 Qc7 20. Ne2 Qc5 21. Ba4 Qxb5 22. Bxb5 Nc5 23. Nc3 Bd2 24. f3 Bxc3 25. bxc3 f5 26. exf5 Rxf5 27. Rab1 Raf8 28.
Rfe1 Rf4 29. Re3 g5 30. Kh2 h5 31. Kg3 Kg7 32. Rh1 Kf6 33. h4 gxh4+ 34. Kf2 Rg8 35.
Ree1 Nd3+ 36. Ke2 Nxe1 37. Kxe1 Rxg2 0-1

[Event "*** Titled Tuesday Blitz"]
[Site "Chess.com"]
[Date "2020.12.29"]
[Round "2"]
[White "catalin009"]
[Black "juli2512"]
[Result "1-0"]
[WhiteElo "2396"]
[BlackElo "2102"]
[TimeControl "180+1"]
[EndTime "10:18:04 PST"]
[Termination "catalin009 won on time"]

1. e4 c5 2. Nf3 d6 3. Bb5+ Nd7 4.
O-O Nf6 5. Re1 a6 6. Bd3 e5 7. c3 g6 8. Bc2 Bg7 9. d4 Qc7 10.
Nbd2 b5 11. Nf1 O-O 12. Ng3 Bb7 13. h3 Rac8 14. Bb3 Nb6 15. Bg5 h6 16. Bxf6 Bxf6 17. dxe5 dxe5 18. Nh2 Rcd8 19. Qg4 Bg7 20. Rad1 c4 21.
Bc2 Bc8 22. Qf3 Be6 23. Ng4 Kh7 24. Ne3 Qc5 25. h4 h5 26. Nef5 Rxd1 27. Rxd1 Bxf5 28. exf5 Kg8 29. Qe4 Na4 30. Rd7 Nxb2 31. fxg6 fxg6 32.
Rxg7+ Kh8 33. Rxg6 Qxf2+ 34. Kh2 1-0

[Event "*** Titled Tuesday Blitz"]
[Site "Chess.com"]
[Date "2020.12.29"]
[Round "2"]
[White "gatocorbis"]
[Black "shanemelaughcm"]
[Result "0-1"]
[WhiteElo "2044"]
[BlackElo "2374"]
[TimeControl "180+1"]
[EndTime "10:18:05 PST"]
[Termination "shanemelaughcm won on time"]

1. e4 d6 2. d4 Nf6 3. Nc3 Nbd7 4.
Nf3 e5 5. Bc4 Be7 6. O-O c6 7.
a4 h6 8. Qe2 Qc7 9. Rd1 Nf8 10.
d5 Ng6 11. h3 O-O 12. Bb3 Bd7 13. dxc6 bxc6 14. Nh2 a5 15. Ng4 Nxg4 16. hxg4 Bg5 17. Bxg5 hxg5 18. Qd2 Bxg4 19. Qxd6 Qb6 20. Re1 Rad8 21.
Qxg6 Qxb3 22. Qxg5 Qxb2 23. Qxg4 Qxc3 24. Rac1 Rd6 25.
Re3 Qd2 26. Rce1 Rg6 27. Qh4 f6 28. Qh3 Qd6 29. Rd3 Qb4 30. Qe6+ Kh7 31. Rh3+ Rh6 32.
Ree3 Qb7 0-1

[Event "*** Titled Tuesday Blitz"]
[Site "Chess.com"]
[Date "2020.12.29"]
[Round "2"]
[White "Kiborg95"]
[Black "LimeInTheCoconut"]
[Result "0-1"]
[WhiteElo "2653"]
[BlackElo "2352"]
[TimeControl "180+1"]
[EndTime "10:18:07 PST"]
[Termination "LimeInTheCoconut won by resignation"]

1. e4 c6 2. d4 d5 3. e5 Bf5 4.
h4 h5 5. c4 e6 6. Nc3 Nd7 7.
cxd5 cxd5 8. Bd3 Bxd3 9. Qxd3 Ne7 10. Nf3 Nf5 11. Bg5 Be7 12. Bxe7 Nxe7 13. O-O O-O 14. Ng5 g6 15. Rac1 a6 16. Ne2 Nf5 17. g3 Nb8 18. Qd2 Nc6 19. Qf4 Rc8 20. g4 hxg4 21. Qxg4 Kg7 22. h5 Rh8 23. Nf4 Ncxd4 24. Nxf7 Kxf7 25. Qxg6+ Ke7 26. Rxc8 Qxc8 27. Qf6+ Kd7 28. Qf7+ Ne7 29. Ng6 Re8 30. Rd1 Nf5 31. Nf4 Qc6 32. h6 Rg8+ 33.
Kf1 Qc4+ 34. Ke1 Qxf4 0-1

[Event "*** Titled Tuesday Blitz"]
[Site "Chess.com"]
[Date "2020.12.29"]
[Round "2"]
[White "Euge_chess"]
[Black "ljuks68"]
[Result "0-1"]
[WhiteElo "2063"]
[BlackElo "2378"]
[TimeControl "180+1"]
[EndTime "10:18:07 PST"]
[Termination "ljuks68 won on time"]

1. e4 e6 2. d4 d5 3. exd5 exd5 4. Nf3 Nf6 5. c4 Bb4+ 6. Nc3 O-O 7. Be2 Be6 8. c5 b6 9. cxb6 axb6 10. O-O c6 11. Bg5 Be7 12. Re1 Nbd7 13. Bd3 b5 14. Ne5 Nxe5 15.
dxe5 Nd7 16. Bxe7 Qxe7 17. f4 f5 18. exf6 Qxf6 19. Qe2 Rae8 20. g3 Bf5 21. Qxe8 Rxe8 22. Rxe8+ Kf7 23. Bxf5 Kxe8 24. Re1+ Kd8 25. Bxd7 Kxd7 26.
Re5 Qd6 27. Kf1 Qb4 28. Re2 Qc4 29. Ke1 Kd6 30. Kd2 b4 31. Nd1 Qxa2 32. g4 Qc4 33. Ne3 Qxf4 34. Kd3 c5 35. Nf5+ Kc6 36. Re6+ Kb5 37.
Nd6+ Ka4 38. Nb7 c4+ 39. Kc2 b3+ 40. Kc3 Qf3+ 41. Kd4 Qf2+ 42. Ke5 Qxb2+ 43. Kxd5 Qg2+ 44. Re4 b2 45. Nc5+ Kb5 0-1

[Event "*** Titled Tuesday Blitz"]
[Site "Chess.com"]
[Date "2020.12.29"]
[Round "2"]
[White "omer1997"]
[Black "PSvidler"]
[Result "0-1"]
[WhiteElo "2352"]
[BlackElo "2818"]
[TimeControl "180+1"]
[EndTime "10:18:08 PST"]
[Termination "PSvidler won on time"]

1. e4 c5 2. Nf3 d6 3. c3 Nf6 4.
Bd3 Nc6 5. Bc2 Bg4 6. h3 Bh5 7. d3 e6 8. Nbd2 d5 9. Qe2 Qc7 10.
g4 Bg6 11. Nh4 Bd6 12. Ndf3 O-O-O 13. Bg5 dxe4 14. dxe4 Bf4 15. O-O Bxg5 16. Nxg5 Qf4 17. Qe3 Qxe3 18. fxe3 Ne5 19. Rae1 Rd2 20. Rf2 Rhd8 21.
Ree2 Rxe2 22. Rxe2 Rd6 23. Kf2 Kd7 24. Kg3 Ke7 25.
Nhf3 Nfd7 26. Nxe5 Nxe5 27. Nf3 Nc4 28. Bb3 Na5 29. Bc2 Rb6 30. b3 Nc6 31. Rd2 Ra6 32. Bb1 f6 33. a4 Rb6 34. Bc2 Na5 35. e5 Bxc2 36. Rxc2 Rxb3 37. exf6+ gxf6 38. g5 Nc4 39. Kf4 Ra3 40. gxf6+ Kxf6 41. Rg2 Rxa4 42. e4 e5+ 0-1

[Event "*** Titled Tuesday Blitz"]
[Site "Chess.com"]
[Date "2020.12.29"]
[Round "2"]
[White "jocmil"]
[Black "Onischuk_V"]
[Result "0-1"]
[WhiteElo "2529"]
[BlackElo "2797"]
[TimeControl "180+1"]
[EndTime "10:18:09 PST"]
[Termination "Onischuk_V won by checkmate"]

1. d4 d6 2. c4 e5 3. dxe5 dxe5 4. Qxd8+ Kxd8 5. g3 c6 6. Nc3 Be6 7. b3 Nd7 8. Bb2 Kc7 9. Bg2 f6 10. O-O-O a5 11. e3 Nh6 12. Nge2 Nf7 13. h3 Nc5 14. Ne4 a4 15. Nxc5 Bxc5 16. Nc3 axb3 17. axb3 Be7 18. Kc2 h5 19. h4 Nh6 20. Rd2 Ng4 21. Rhd1 Bb4 22.
Be4 f5 23. Bf3 Rhf8 24. Ra1 Rxa1 25. Bxa1 g6 26. Bxg4 fxg4 27. Re2 Bf5+ 28. e4 Be6 29. Bb2 Rf3 30. Nd1 Bd6 31. Bc1 b5 32. Ne3 Bc5 33. Bd2 Bd4 34. Bc3 Kb6 35. cxb5 Kxb5 36. b4 Bc4 37.
Rd2 Bxe3 38. fxe3 Rxg3 39. Rd8 Rxe3 40. Bxe5 Rxe4 41. Rb8+ Ka6 42. Bc7 Bd5 43. Kc3 Re7 44. Bd6 Re3+ 45. Kd4 Re4+ 46. Kc5 Rc4# 0-1

[Event "*** Titled Tuesday Blitz"]
[Site "Chess.com"]
[Date "2020.12.29"]
[Round "2"]
[White "bascheyaro"]
[Black "AttilaTurzo"]
[Result "1-0"]
[WhiteElo "2714"]
[BlackElo "2483"]
[TimeControl "180+1"]
[EndTime "10:18:09 PST"]
[Termination "bascheyaro won by resignation"]

1. d4 d5 2. c4 c6 3. Nc3 Nf6 4. Bg5 dxc4 5. e3 b5 6. Bxf6 exf6 7. a4 Bb4 8. axb5 O-O 9. Bxc4 Bb7 10. Nf3 cxb5 11. Bxb5 f5 12. O-O g6 13. Bc4 Nc6 14.
h3 a5 15. Qb3 Rb8 16. Qa2 Kg7 17. Rac1 Ne7 18. Ng5 Bxc3 19. Bxf7 Qd6 20. Rxc3 h6 21. Ne6+ Kxf7 22. Nxf8+ Kxf8 23. Qxa5 Qd5 24. Qxd5 Bxd5 25. b3 Rxb3 26. Rxb3 Bxb3 27. Rc1 Kf7 28. f3 g5 29.
Kf2 f4 30. e4 Kf6 31. Rc7 Bf7 32. Ra7 Be6 33. Ra6 Kf7 34. d5 Bd7 35. Rxh6 Ng6 36. Rh7+ Ke8 37. Rg7 Ne5 38. Rxg5 Nd3+ 39. Kg1 Bb5 40.
h4 Ke7 41. h5 Kf6 42. Rg4 Be8 43. h6 Bg6 44. d6 Ne5 45. Rxf4+ Kg5 46. Rg4+ Nxg4 47. fxg4 Kf6 48. e5+ Ke6 49. g5 Bf5 50. g4 Bg6 51. Kf2 Bh7 52. Ke3 Bg6 53. Kd4 Bh7 54.
Kc5 Kd7 55. e6+ Kxe6 56. Kc6 Be4+ 57. Kc7 1-0

[Event "*** Titled Tuesday Blitz"]
[Site "Chess.com"]
[Date "2020.12.29"]
[Round "2"]
[White "IMUffeVinther-Schou"]
[Black "Vesper2018"]
[Result "1-0"]
[WhiteElo "2390"]
[BlackElo "2641"]
[TimeControl "180+1"]
[EndTime "10:18:09 PST"]
[Termination "IMUffeVinther-Schou won on time"]

1. e4 c5 2. Nf3 d6 3. Bb5+ Bd7 4. a4 Nf6 5. d3 g6 6. O-O Bg7 7. Re1 O-O 8. Nbd2 Nc6 9. Nc4 Nd4 10. Nxd4 cxd4 11.
Bg5 Be6 12. e5 dxe5 13. Nxe5 Nd5 14. Bc4 f6 15. Nxg6 hxg6 16. Rxe6 fxg5 17. Rxg6 Rf5 18.
Qe2 Qd7 19. Re1 Kf8 20. Re6 Bf6 21. Qg4 Rf4 22. Qh5 Kg7 23. Bxd5 Qxd5 24. Rxe7+ Bxe7 25. Rxe7+ Rf7 26. Re4 Rh8 27. Qg4 Qf5 28. Qg3 Kg6 29.
h4 Rd8 30. hxg5 Rh8 31. Qd6+ Kxg5 32. Qg3+ 1-0

[Event "*** Titled Tuesday Blitz"]
[Site "Chess.com"]
[Date "2020.12.29"]
[Round "2"]
[White "Anton_Zhukov04"]
[Black "Ladislav1969"]
[Result "1-0"]
[WhiteElo "2182"]
[BlackElo "2389"]
[TimeControl "180+1"]
[EndTime "10:18:09 PST"]
[Termination "Anton_Zhukov04 won by resignation"]

1. e4 c5 2. Nf3 e6 3. d4 cxd4 4.
Nxd4 a6 5. Nc3 b5 6. a3 Bb7 7. f3 Qc7 8. Be3 Nf6 9. Qd2 d5 10. exd5 Nxd5 11. Nxd5 Bxd5 12. Bd3 Nd7 13. O-O Bd6 14.
g3 Nc5 15. Be2 O-O 16. Rad1 Rac8 17. Bxb5 Bxg3 18. hxg3 Qxg3+ 19. Qg2 Qxg2+ 20. Kxg2 axb5 21. Nxb5 Na4 22. Bd4 Rxc2+ 23. Rf2 Rxf2+ 24. Kxf2 Rb8 25. Rc1 f6 26. Nd6 Nxb2 27. Kg3 Nd3 28. Rc3 Ne5 29. Bxe5 fxe5 30. a4 h5 31. a5 Ra8 32. Rc8+ Rxc8 33. Nxc8 g5 34. Ne7+ Kf7 35. Nxd5 h4+ 36. Kg4 e4 37. a6 exd5 38. a7 exf3 39. a8=Q f2 40. Qxd5+ Ke8 41. Qe6+ Kd8 42. Qf6+ Kc7 43. Qxf2 Kc6 44. Kxg5 Kb7 45. Kxh4 Kc7 46. Qd4 Kc6 47. Qe5 Kb7 48. Kg5 Kc6 49. Kf6 Kb6 50. Qc3 Kb7 51.
Ke6 Kb6 52. Kd6 Ka7 53. Qb4 Ka8 54. Kc7 1-0

[Event "*** Titled Tuesday Blitz"]
[Site "Chess.com"]
[Date "2020.12.29"]
[Round "2"]
[White "lavr92"]
[Black "Oleksandr_Bortnyk"]
[Result "1-0"]
[WhiteElo "2606"]
[BlackElo "2921"]
[TimeControl "180+1"]
[EndTime "10:18:10 PST"]
[Termination "lavr92 won by checkmate"]

1. d4 Nf6 2. c4 e6 3. Nc3 d5 4.
cxd5 exd5 5. Bg5 Be6 6. e3 a6 7. Bd3 h6 8. Bh4 g5 9. Bg3 Bd6 10. Nge2 Nc6 11. h4 Rg8 12. hxg5 hxg5 13. a3 Qd7 14. Qc2 O-O-O 15. b4 Rh8 16. Rg1 Na7 17. Na4 Kb8 18. Nc5 Bxc5 19. bxc5 Ne4 20. Rb1 Ka8 21. f3 Nxg3 22. Nxg3 Rdf8 23. Rb3 f5 24. Qb2 f4 25. exf4 gxf4 26. Ne2 Qc6 27. Kd2 Rhg8 28. Rb1 Bc8 29. a4 Rxg2 30. Bb5 axb5 31. axb5 Qe6 32. Re1 Re8 33. Kd1 Kb8 34. b6 cxb6 35. cxb6 Nc6 36.
Qa2 Bd7 37. Rc3 Nb4 38. Qa7# 1-0

[Event "*** Titled Tuesday Blitz"]
[Site "Chess.com"]
[Date "2020.12.29"]
[Round "2"]
[White "bazar-wokzal"]
[Black "Vuk2000"]
[Result "1-0"]
[WhiteElo "2558"]
[BlackElo "2822"]
[TimeControl "180+1"]
[EndTime "10:18:10 PST"]
[Termination "bazar-wokzal won by checkmate"]

1. e4 e6 2. d4 d5 3. exd5 exd5 4. Nf3 Bd6 5. c4 dxc4 6. Bxc4 Nf6 7. O-O O-O 8. Nc3 Bg4 9. h3 Bh5 10. g4 Bg6 11.
Ne5 Ne4 12. f4 Nxc3 13. bxc3 Be4 14. Qb3 Qe7 15. Bd2 Nc6 16. Rae1 Na5 17. Bxf7+ Rxf7 18. Qxf7+ Qxf7 19. Nxf7 Bd3 20. Rf3 Kxf7 21. Rxd3 Nc4 22. Bc1 b5 23. f5 a5 24. Kg2 b4 25. cxb4 axb4 26. Re2 Nb6 27. d5 Na4 28. Bd2 Nb2 29.
Rb3 Nc4 30. Bxb4 Be5 31. Bc3 Bd6 32. Bd4 Ra5 33. Rc3 Na3 34. Be5 Nb5 35. Rcc2 Na3 36.
Rc6 Rxd5 37. Bxd6 cxd6 38. Rc7+ Kf6 39. h4 h5 40. Re6# 1-0

[Event "*** Titled Tuesday Blitz"]
[Site "Chess.com"]
[Date "2020.12.29"]
[Round "2"]
[White "Frolyanov_D"]
[Black "pedromartinez91"]
[Result "0-1"]
[WhiteElo "2668"]
[BlackElo "2498"]
[TimeControl "180+1"]
[EndTime "10:18:10 PST"]
[Termination "pedromartinez91 won by resignation"]

1. d4 d5 2. c4 e6 3. Nf3 Be7 4. Nc3 Nf6 5. Bf4 O-O 6. e3 a6 7. cxd5 exd5 8. Bd3 c6 9. O-O Bg4 10. h3 Bh5 11. Rb1 Nbd7 12. b4 Re8 13. a4 b5 14.
Qc2 Nb6 15. Ne5 Rc8 16. Ne2 Nc4 17. Nxc4 dxc4 18. Bf5 Bg6 19. Ng3 Nd5 20. Qd2 Nxf4 21.
exf4 Qd6 22. Bxc8 Bxb1 23. Rxb1 Rxc8 24. Nf5 Qf6 25. Nxe7+ Qxe7 26. Re1 Qd6 27. f5 h6 28.
g4 Rd8 29. Re4 Qd5 30. Qe3 c3 31. Re5 Qxd4 32. Rc5 c2 33. Qxd4 Rxd4 34. Rxc2 Rxb4 35. a5 Ra4 36. Rxc6 Rxa5 37. h4 b4 38. Rb6 Rb5 39.
Rxa6 b3 40. Ra1 b2 41. Rb1 Kf8 42. f3 Ke7 43. Kf2 Kd6 44. Ke3 Kd5 45. Kd2 Ke5 46. Ke3 Rb3+ 47. Kd2 Kf4 0-1

[Event "*** Titled Tuesday Blitz"]
[Site "Chess.com"]
[Date "2020.12.29"]
[Round "2"]
[White "ChessyInstinct"]
[Black "Tssunami"]
[Result "1-0"]
[WhiteElo "2513"]
[BlackElo "2310"]
[TimeControl "180+1"]
[EndTime "10:18:10 PST"]
[Termination "ChessyInstinct won by resignation"]

1. d4 Nf6 2. c4 e6 3. g3 d5 4. Nf3 Be7 5. Bg2 O-O 6. O-O c6 7. Qc2 b6 8. Nbd2 Ba6 9. b3 Nbd7 10. Bb2 Rc8 11. e4 Qc7 12. e5 Ne8 13. Rfe1 Qb8 14.
Rac1 Nc7 15. h4 c5 16. Qb1 dxc4 17. bxc4 Bb7 18. Ne4 cxd4 19. Nd6 Bxf3 20. Nxc8 Rxc8 21. Bxf3 Bc5 22. Rcd1 Nf8 23. Bxd4 Na6 24. Qb5 Bxd4 25. Rxd4 Nc5 26. h5 h6 27. Qb1 Nh7 28. Bg2 Ng5 29. f4 Nh7 30. Red1 Nf8 31. R1d2 Qc7 32. Qd1 Na4 33. Qxa4 Qc5 34. Qd1 a5 35. Kh1 a4 36.
Rd8 Rxd8 37. Rxd8 a3 38. Qd6 Qxd6 39. exd6 f6 40. Bh3 Kf7 41. f5 e5 42. Bg2 b5 43.
Bd5+ 1-0

[Event "*** Titled Tuesday Blitz"]
[Site "Chess.com"]
[Date "2020.12.29"]
[Round "2"]
[White "Ave_Mariia"]
[Black "lamomiablanca"]
[Result "1-0"]
[WhiteElo "2496"]
[BlackElo "2300"]
[TimeControl "180+1"]
[EndTime "10:18:11 PST"]
[Termination "Ave_Mariia won on time"]

1. d4 Nf6 2. c4 b6 3. Nc3 Bb7 4. Qc2 d5 5. cxd5 Nxd5 6. Nf3 e6 7. e4 Nxc3 8. bxc3 Be7 9. Bb5+ c6 10.
Bd3 O-O 11. O-O c5 12. Rd1 Nc6 13. d5 Na5 14. Bf4 c4 15. Be2 exd5 16. exd5 Bc5 17. Ng5 g6 18. Ne4 Be7 19. d6 Bf6 20. Bf3 Re8 21. d7 Re6 22. Rd2 Be7 23. Rad1 f5 24. Nd6 Bxf3 25. gxf3 Bxd6 26. Rxd6 Rxd6 27. Rxd6 Nb7 28.
Rd4 Nc5 29. Qe2 Kf7 30. Qxc4+ Kg7 31. Qd5 Qe7 32. Be5+ Kh6 33. d8=Q Rxd8 34. Bf4+ g5 35. Qxd8 Qe1+ 36. Kg2 gxf4 37. Rd6+ Kg7 38. Qf6+ Kg8 39. Rd8+ 1-0

[Event "*** Titled Tuesday Blitz"]
[Site "Chess.com"]
[Date "2020.12.29"]
[Round "2"]
[White "Meri-Arabidze"]
[Black "ajdemipopushi"]
[Result "1-0"]
[WhiteElo "2635"]
[BlackElo "2339"]
[TimeControl "180+1"]
[EndTime "10:18:12 PST"]
[Termination "Meri-Arabidze won on time"]

1. Nf3 c5 2. c4 g6 3. Nc3 Bg7 4.
g3 Nc6 5. Bg2 e6 6. O-O Nge7 7. e3 O-O 8. d4 cxd4 9. exd4 d5 10. cxd5 Nxd5 11. Bg5 Qb6 12. Na4 Qa5 13. Rc1 h6 14.
Bd2 Qd8 15. Re1 Kh7 16. Re4 Nde7 17. Nc3 Nf5 18. Bf4 Nfxd4 19. Nxd4 Nxd4 20. Bxh6 Bxh6 21. Rxd4 Qb6 22. Rh4 Kg7 23. Rc2 Bg5 24. Rc4 Rd8 25. Qe2 Bf6 26. Ne4 e5 27. Nxf6 Qxf6 28. Rc7 Be6 29. Rxb7 Rac8 30. Rbc7 Rxc7 31. Rxc7 Qg5 32. h4 Qf6 33. Rxa7 Rc8 34. Kh2 Qf5 35. Ra5 1-0